 Dungeon Crawl Stone Soup version 0.28.0-1-gb440e238dd (webtiles) character file.

Game seed: 837403970751825417

65 Woods the Caller (level 3, -1/14 HPs)
             Began as a Felid Summoner on Feb 25, 2022.
             Shot with a stone by a goblin (3 damage)
             ... led by Robin
             ... on level 2 of the Dungeon.
             The game lasted 00:04:06 (3032 turns).

Woods the Caller (Felid Summoner)                   Turns: 3032, Time: 00:04:06

Health: -1/14      AC:  1    Str:  4    XL:     3   Next: 92%
Magic:  1/7        EV: 18    Int: 18    God:
Gold:   60         SH:  0    Dex: 16    Spells: 1/7 levels left
                                        Lives:  0   Deaths: 0

rFire   . . .      SeeInvis +   (weapon unavailable)
rCold   . . .      Faith    .   (shield unavailable)
rNeg    . . .      Spirit   .   (armour unavailable)
rPois   .          Reflect  .   (helmet unavailable)
rElec   .          Harm     .   (cloak unavailable)
rCorr   .          Rampage  .   (gloves unavailable)
Will    .....                   (boots unavailable)
Stlth   +++.......              (no amulet)
HPRegen 0.04/turn               (no ring)
MPRegen 0.10/turn               (no ring)

@: quick
A: very small, claws 1, fangs 3, see invisible, speed 1, shaggy fur 1, stealthy
paws, no weapons or thrown items, no armour, multi-lived
a: no special abilities


You were on level 2 of the Dungeon.
You visited 1 branch of the dungeon, and saw 2 of its levels.

You collected 60 gold pieces.

Inventory:

Scrolls
 a - 2 scrolls of fear {unknown}
 d - a scroll of teleportation {unknown}
Potions
 b - a potion of lignification {unknown}
 c - a potion of haste {unknown}


   Skills:
 + Level 3.7 Dodging
 + Level 3.7 Stealth
 + Level 2.6 Spellcasting
 + Level 4.3 Summonings


You had one spell level left.
You knew the following spells:

 Your Spells              Type           Power      Damage    Failure   Level
a - Summon Small Mammal   Summ           72%        N/A       2%          1
b - Call Imp              Summ           18%        N/A       4%          2
c - Call Canine Familiar  Summ           18%        N/A       9%          3

Your spell library contained the following spells:

 Spells                   Type           Power      Damage    Failure   Level
 Summon Guardian Golem    Hex/Summ       10%        N/A       21%         3
 Summon Lightning Spire   Summ/Air       10%        N/A       56%         4


Dungeon Overview and Level Annotations

Branches:
Dungeon (2/15)

Altars:


Innate Abilities, Weirdness & Mutations

You have sharp claws.
You have razor-sharp teeth.
You have supernaturally acute eyesight. (SInv)
You cover ground quickly. (Speed+)
You are covered in fur. (AC +1)
Your paws help you pounce on unaware monsters.
You are incapable of wielding weapons or throwing items.
You cannot wear armour.
You gain extra lives every three experience levels.


Message History

Casting: Call Canine Familiar (potentially lethal; 9% risk of failure)
Confirm with . or Enter, or press ? or * to list all spells.
Your hound barely misses Robin.
The hobgoblin hits your hound.
Robin says, "Feeling lonely?"
Robin barely misses your hound. Something hits your hound.
Your hound barely misses Robin.
Casting: Summon Small Mammal (safe; 3% risk of failure)
Confirm with . or Enter, or press ? or * to list all spells.
Your hound bites Robin.
The goblin shoots a stone.
The stone hits your bat.
The hobgoblin closely misses your hound.
Robin barely misses your hound.
Your hound bites Robin.
The hobgoblin closely misses your hound.
Robin roars a battlecry!
The hobgoblin goes into a battle-frenzy!
Your bat hits the goblin.
Your hound closely misses Robin.
Your bat closely misses the goblin.
Your hound bites Robin.
Robin dies!
Something hits your hound.
Your hound dies!
Your hound's corpse disappears in a puff of smoke!
Your bat barely misses the goblin.
Your bat hits the hobgoblin.
Your bat closely misses the goblin.
The goblin unwields a +0 hunting sling.
The goblin wields a +0 club.
The goblin hits you with a +0 club.
* * * LOW HITPOINT WARNING * * *
The hobgoblin barely misses your bat.
Your bat hits the goblin.
Your bat hits the hobgoblin but does no damage. x2
The hobgoblin completely misses your bat.
The hobgoblin hits your bat!
Your bat dies!
Your bat's corpse disappears in a puff of smoke!
Your bat misses the goblin.
The goblin hits your bat with a +0 club.
Your bat dies!
Your bat's corpse disappears in a puff of smoke!
The goblin unwields a +0 club.
The goblin wields a +0 hunting sling.
The goblin shoots a stone.
The stone hits you.
You die...

.# ###..#.######.#####..#########
.###.#..#.....##.####............
..............>.........#########
.###.#.........#.####....# # .#
#....#.#....#.# #....######## .#
#.#[.#......#.####............ .#
#.#..#.##.............########
.###....#.##.............# #
.....#..####....@####....########
.###..................)..........
.#....<......g§.)........########
.###.#..##.#..§#..#.#.#..........
........##.#gg.#..#.......#######
..........)§...#..........# #
.#.#.#..##.#...#..#.#.#...#######
................................[
.....#.....#...#..........####.##


You could see 2 hobgoblins and a goblin (strong).

Vanquished Creatures
  An adder (D:2)
  An endoplasm (D:2)
  A goblin (D:2)
  3 hobgoblins (D:2)
  A jackal (D:2)
7 creatures vanquished.

Vanquished Creatures (collateral kills)
  Robin (D:2)
  4 ball pythons
  6 endoplasms
  4 goblins
  5 hobgoblins
  3 jackals (D:2)
  2 quokkas (D:2)
  A frilled lizard (D:2)
  6 rats
32 creatures vanquished.

Grand Total: 39 creatures vanquished

Notes
Turn   | Place    | Note
-------+----------+-------------------------------------------
     0 | D:1      | Woods the Felid Summoner began the quest for the Orb.
     0 | D:1      | Reached XP level 1. HP: 7/7 MP: 4/4
   536 | D:1      | Reached XP level 2. HP: 11/11 MP: 4/6
   775 | D:1      | Learned a level 2 spell: Call Imp
  1516 | D:2      | Reached XP level 3. HP: 1/14 MP: 4/7
  1853 | D:2      | Found a faded altar of an unknown god.
  2575 | D:2      | Noticed Robin
  2613 | D:1      | Learned a level 3 spell: Call Canine Familiar
  3028 | D:2      | Killed Robin
  3032 | D:2      | Shot with a stone by a goblin

Illustrated notes

Levels and vault maps discovered:
D:1:      dpeg_arrival_water_fire, layout_basic
D:2:      layout_basic, chequers_ecumenical_altar_simple_redux,
          grunt_decor_fettered, uniq_robin

Skill      XL: |  1 |
---------------+----+-----
Dodging        | 3 |  3.7
Stealth        | 3 |  3.7
Spellcasting   | |  2.6
Summonings     | |  4.3

Action                   || total
-------------------------++-------
Melee: Unarmed           ||    50
       Bite              ||     5
       Punch             ||     3
 Cast: Summon Small Mamm ||    52
       Call Canine Famil ||     4
       Call Imp          ||     2
Armor: Skin              ||     2
Dodge: Dodged            ||    58
